 Dungeon Crawl Stone Soup version 0.31-a0-1074-g0b22e4e0f1 (webtiles) character file.

Game seed: 803889655389508597

2 croobank the Sneak (level 1, -2/18 HPs)
             Began as a Human Delver on Dec 3, 2023.
             Slain by an orc
             ... wielding a +0 flail
              (5 damage)
             ... on level 4 of the Dungeon.
             The game lasted 00:01:12 (140 turns).

croobank the Sneak (Human Delver)                    Turns: 140, Time: 00:01:13

Health: -2/18      AC:  3    Str: 12    XL:     1   Next: 33%
Magic:  1/1        EV: 12    Int: 10    God:
Gold:   12         SH:  0    Dex: 14    Spells: 0/0 levels left

rFire   . . .        a - +0 short sword
rCold   . . .        (no shield)
rNeg    . . .        b - +0 leather armour
rPois   .            (no helmet)
rElec   .            (no cloak)
rCorr   .            (no gloves)
SInv    .            (no boots)
Will    .....        (no amulet)
Stlth   +++          (no ring)
HPRegen 0.23/turn    (no ring)
MPRegen 0.07/turn

%: no passive effects
@: no status effects
A: no striking features
a: no special abilities


You were on level 4 of the Dungeon.
You visited 1 branch of the dungeon, and saw 3 of its levels.

You collected 12 gold pieces.

Inventory:

Hand Weapons
 a - a +0 short sword (weapon)
Armour
 b - a +0 leather armour (worn)
Wands
 g - a wand of digging (2)
Scrolls
 c - a scroll of fog
 e - 3 scrolls of poison {unknown}


   Skills:
 + Level 3.0 Fighting
 + Level 2.0 Short Blades
 + Level 2.0 Dodging
 + Level 5.0 Stealth


You couldn't memorise any spells.
You didn't know any spells.
Your spell library was empty.

Dungeon Overview and Level Annotations

Branches:
Dungeon (6/15)
 Temple: D:4-7

Altars:
Xom


Message History

Found a shimmering altar of Xom.
Aiming: Dig
Press: ? - help, Shift-Dir - straight line A rock wall.
The rock shatters into small pieces.
Found a stone staircase leading up.
A hound comes into view.
There is a stone staircase leading up here.
You climb upwards.
Found a scroll labelled XOUSAPPIBBU.
There is a stone staircase leading down here.
A gnoll comes into view.
It is wielding a +2 whip of electrocution.
Found a lumpy clear potion and a rapier.
The gnoll shouts!
You hear a shout!
A gnoll comes into view. It is wielding a +0 whip.
The gnoll moves out of view.
A gnoll sergeant comes into view. It is wielding a +4 heavy spear.
A gnoll comes into view. It is wielding a +0 spear. x2
You see here a scroll labelled XOUSAPPIBBU.
Your extra speed is starting to run out. 2 orcs come into view.
You feel yourself slow down. 2 orcs come into view.
The helpless orc fails to defend itself.
You puncture the orc!
You kill the orc!
The orc shouts! x2
The orc barely misses you.
You hit the orc.
The orc is moderately wounded.
The orc hits you with a +0 club. The orc hits you with a +0 flail.
The orc hits you with a +0 mace.
* * * LOW HITPOINT WARNING * * *
You are too injured to fight recklessly!
You are too injured to fight recklessly!
You are too injured to fight recklessly!
You aren't carrying any potions.
The orc hits you but does no damage. The orc attacks as it pursues you!
The orc hits you with a +0 flail.
You die...

##...#.###.#
#..# #.#....
#.# #..#
#.#.#.# #.#
#..# .......
#.# #..# # #.#
#. #.#
#..####.## #.
#.#.#.o.......
#.#..).o....#
#.####o########
#......@.......
######.########
#... #####


You could see 2 orcs.

Vanquished Creatures
  An orc (D:4)
1 creature vanquished.

Notes
Turn   | Place    | Note
-------+----------+-------------------------------------------
     0 | D:5      | croobank the Human Delver began the quest for the Orb.
     0 | D:5      | Reached XP level 1. HP: 18/18 MP: 1/1
     2 | D:6      | Noticed an ice beast
     8 | D:6      | Noticed an iguana
    85 | D:5      | Noticed an ogre
    91 | D:5      | Noticed a scorpion
    91 | D:5      | Found a shimmering altar of Xom.
   106 | D:5      | Noticed a hound
   112 | D:4      | Noticed a gnoll sergeant
   140 | D:4      | Slain by an orc

Illustrated notes

Levels and vault maps discovered:
D:4:      layout_basic, nzn_hepliaklqana_mist_gate,
          nicolae_sif_muna_little_library, uniq_natasha, uniq_edmund
D:5:      layout_rooms, kennysheep_mini, grunt_temple_overflow_open,
          dk_noncrumbling_2, nicolae_shop_i_like_big_books
D:6:      layout_cave_pools, mainiacjoe_overflow_alcove_1,
          mainiacjoe_overflow_alcove_2, minmay_temple_entry_slanted,
          serial_shops, nicolae_shop_gaudy_bauble

Action                     || total
---------------------------++-------
  Melee: Short sword       ||    12
  Evoke: Wand              ||     1
    Use: Scroll            ||     2
         Potion            ||     1
   Stab: Sleeping          ||     2
 Armour: Leather armour    ||    11
  Dodge: Dodged            ||     7

Table legend: (Time is in decaauts)
 A = Elapsed time spent in this place.
 B = Non-inter-level travel time spent in this place.
 C = Inter-level travel time spent in this place.
 D = Time resting spent in this place.
 E = Time spent auto-exploring this place.
 F = Levels seen in this place.
 G = Mean time per level.
                   A        B        C        D        E       F      G
               +--------+--------+--------+--------+--------+-----+--------+
         Total |    123 |    123 |      0 |      0 |     53 |   3 |   41.0 |
       Dungeon |    123 |    123 |      0 |      0 |     53 |   3 |   41.0 |
               +--------+--------+--------+--------+--------+-----+--------+

Top non-repeatable levels by time:
     D:5: 76 daAuts
     D:6: 25 daAuts
     D:4: 22 daAuts
